 Dungeon Crawl Stone Soup version 0.14-a0-1444-g21dc12d (webtiles) character file.

90 Jenx the Cudgeler (level 3, 0/30 HPs)
             Began as a Djinni Warper on Dec 12, 2013.
             Slain by a gnoll
             ... wielding a +1,+0 halberd
              (6 damage)
             ... on Level 2 of the Dungeon.
             The game lasted 00:05:44 (1986 turns).

Jenx the Cudgeler (Djinni Warper)                   Turns: 1986, Time: 00:05:44

HP   0/30        AC  2     Str 11      XL: 3   Next: 67%
MP   0/0         EV 12     Int 14      God:
Gold 35          SH  0     Dex 12      Spells:  2 memorised,  3 levels left

rFire  + + +     SeeInvis .     a - +0 mace
rCold  x . .     Clarity  .     r - +0 robe
rNeg   + + +     Conserve .     (no shield)
rPois  .         rCorr    .     (no helmet)
rElec  .         rRot     .     (no cloak)
SustAb . .       Spirit   .     (no gloves)
rMut   .         Warding  .     (boots unavailable)
Saprov . . .     Stasis   .     (no amulet)
                                (no ring)
                                (no ring)

@: flying, not resistant to hostile enchantments, unstealthy
A: fire immunity, cold vulnerability, life protection 3
a: no special abilities


You were on level 2 of the Dungeon.
You were not hungry.

You visited 1 branch of the dungeon, and saw 2 of its levels.

You collected 35 gold pieces.

Inventory:

Hand weapons
 a - a +0,+0 mace (weapon)
Missiles
 b - 23 poisoned needles
 e - 16 darts (quivered)
 f - 10 darts of dispersal
 l - an exploding dart
Armour
 n - a +0 leather armour
 r - a +0 robe (worn)
Scrolls
 d - a scroll of blinking
 h - a scroll of magic mapping {unknown}
 i - a scroll of fear {unknown}
 k - a scroll of remove curse {unknown}
 m - a scroll of immolation {unknown}
Jewellery
 o - an uncursed ring of protection from fire {unknown}
Potions
 g - a potion of mutation {unknown}
 j - a potion of might {unknown}
 s - a potion of magic {unknown}
Books
 c - a book of Spatial Translocations

   Spells                             Type                      Level
   *Apportation                       Translocation                1
   Portal Projectile                  Translocation                2
   *Blink                             Translocation                2
   Shroud of Golubria                 Charms/Translocation         2
   Teleport Other                     Translocation                3
   Passage of Golubria                Translocation                4


   Skills:
 - Level 1.7 Fighting
 * Level 4.1 Maces & Flails
 - Level 0.8 Throwing
 - Level 1.1 Armour
 - Level 1.7 Dodging
 - Level 2.4 Spellcasting
 - Level 3.0 Translocations


You had 3 spell levels left.
You knew the following spells:

 Your Spells              Type           Power        Failure   Level  Hunger
a - Apportation           Tloc           ##........   10%         1    #......
b - Blink                 Tloc           N/A          12%         2    ###....


Dungeon Overview and Level Annotations

Branches:
Dungeon (2/16)

Altars:


Innate Abilities, Weirdness & Mutations

You are immune to all types of fire, even holy and hellish.
You are vulnerable to cold.
You need no food.
You have no legs.
You are immune to negative energy.


Message History

Aim: a gnoll, wielding a halberd You throw a poisoned dart.
The poisoned dart misses the gnoll.
Quiver which item? (- for none, * to show all) (? for menu, Esc to quit)
Okay, then.
Throwing (i - inventory. (,) - cycle):
e - 18 darts (quivered)
Press: ? - help, Shift-Dir - straight line, f/p - gnoll
Aim: a gnoll, wielding a halberd You throw a dart.
The dart hits the gnoll.
The gnoll is lightly wounded.
The gnoll hits you from afar with a halberd!
Throwing (i - inventory. (,) - cycle):
e - 17 darts (quivered)
Press: ? - help, Shift-Dir - straight line, f/p - gnoll
Aim: a gnoll, wielding a halberd (lightly wounded)
You throw a dart. The dart misses the gnoll.
The gnoll hits you from afar with a halberd!
* * * LOW HITPOINT WARNING * * *
You hit the gnoll.
The gnoll is heavily wounded.
The gnoll hits you with a halberd.
You die...

#.# ###(#.#.#'##.#
#.######...(.#.......
#.#..........#.#'##.#
#.#..........#[#..#.#
#.#.....(#.#.#.#[.'.'
##########.#......#.#.#.####.#
#........#.....(..%.#.........
.....####.###..g...###.########
#....<.# #.@....# #.........
#..#..^# #..%...# #...).....
#....#.###......############
#...........................
##.###.########.............
#.. #.# #.############ ... #.#
#.# ## #.# #.# ..# #.#


You could see a gnoll.

Vanquished Creatures
  A gnoll (D:2)
  An adder (D:2)
  3 giant geckos
  An ooze (D:1)
  2 ball pythons
  3 bats
  A giant cockroach (D:1)
  3 goblins
  4 hobgoblins
  2 quokkas (D:2)
  A giant newt (D:2)
  5 kobolds
  6 rats
33 creatures vanquished.

Notes
Turn   | Place    | Note
--------------------------------------------------------------
     0 | D:1      | Jenx, the Djinni Warper, began the quest for the Orb.
     0 | D:1      | Reached XP level 1. HP: 17/17 MP: 0/0
   251 | D:1      | Reached XP level 2. EP: 14/24
   255 | D:1      | Learned a level 2 spell: Blink
  1343 | D:2      | Reached XP level 3. EP: 30/30
  1674 | D:2      | Reached skill level 4 in Maces & Flails
  1986 | D:2      | Slain by a gnoll

Action                   || total
-------------------------++-------
Melee: Mace              ||   114
Throw: Dart              ||    22
       Tomahawk          ||    16
